 Dungeon Crawl Stone Soup version 0.28-a0-823-gb444dcf96d (webtiles) character file.

Game seed: 9923549097220324524

1712 lawman0 the Conjurer (level 8, -3/61 HPs)
             Began as a White Draconian Hedge Wizard on Nov 9, 2021.
             Slain by an orc (5 damage)
             ... on level 6 of the Dungeon.
             The game lasted 00:13:11 (8061 turns).

lawman0 the Conjurer (White Draconian Hedge Wizard) Turns: 8061, Time: 00:13:12

Health: -3/61      AC:  9    Str: 14    XL:     8   Next: 74%
Magic:  15/15      EV: 13    Int: 16    God:
Gold:   218        SH:  0    Dex: 10    Spells: 8/17 levels left

rFire   . . .      SeeInvis .   e - +1 dagger (venom)
rCold   + . .      Faith    .   (no shield)
rNeg    . . .      Spirit   .   (armour unavailable)
rPois   .          Reflect  .   b - +0 hat
rElec   .          Harm     .   (no cloak)
rCorr   .          Rampage  .   c - +2 pair of gloves
Will    .....                   (no boots)
Stlth   ++........              (no amulet)
HPRegen 0.20/turn               n - +4 ring of slaying
MPRegen 0.14/turn               (no ring)

@: lethally poisoned (-3 -> -23)
A: breathe frost, AC +6, unfitting armour, cold resistance 1, cold-blooded
a: Breathe Frost


You were on level 6 of the Dungeon.
You visited 2 branches of the dungeon, and saw 7 of its levels.

You collected 218 gold pieces.

Inventory:

Hand Weapons
 e - a +1 dagger of venom (weapon)
Armour
 b - a +0 hat (worn)
 c - a +2 pair of gloves (worn)
Jewellery
 n - a +4 ring of slaying (left hand)
Wands
 l - a wand of flame (10)
Scrolls
 a - 4 scrolls of fog {unknown}
 f - a scroll of brand weapon
 h - a scroll of blinking
 i - 2 scrolls of magic mapping {unknown}
 k - 2 scrolls of torment
 m - a scroll of identify
Potions
 d - a potion of curing
 g - a potion of mutation
 j - 2 potions of brilliance {unknown}


   Skills:
 + Level 2.0 Fighting
 + Level 4.1 Dodging
 + Level 3.1 Stealth
 + Level 5.1 Spellcasting
 * Level 5.5 Conjurations
 + Level 1.2 Summonings
 * Level 3.7 Translocations
 * Level 3.5 Air Magic
 * Level 3.5 Poison Magic


You had 8 spell levels left.
You knew the following spells:

 Your Spells              Type           Power      Damage    Failure   Level
a - Magic Dart            Conj           84%        1d7       1%          1
b - Slow                  Hex            16%        N/A       16%         1
c - Blink                 Tloc           32%        N/A       4%          2
d - Call Imp              Summ           8%         N/A       14%         2
e - Mephitic Cloud        Conj/Pois/Air  17%        N/A       9%          3

Your spell library contained the following spells:

 Spells                   Type           Power      Damage    Failure   Level
 Conjure Flame            Conj/Fire      12%        6-21      14%         3
 Confusing Touch          Hex            4%         N/A       41%         3
 Yara's Violent Unravell  Hex/Tmut       2%         3d3       99%         5


Dungeon Overview and Level Annotations

Branches:
Dungeon (6/15)             Temple (1/1) D:5

Altars:
Ashenzari
Cheibriados
Dithmenos
Elyvilon
Fedhas
Hepliaklqana
Kikubaaqudgha
Makhleb
Nemelex Xobeh
Okawaru
Qazlal
Ru
Wu Jian
Yredelemnul
Zin
The Shining One

Shops:
D:1 (   D:3 [

Annotations:
D:4 3 runed translucent doors, croobank's ghost, amateur OpTm
D:5 1 runed translucent door, Crazy Yiuf


Innate Abilities, Weirdness & Mutations

You can breathe waves of freezing cold which knock back foes.
Your icy white scales are hard. (AC +6)
You cannot fit into any form of body armour.
Your flesh is cold resistant. (rC+)
You are cold-blooded and may be slowed by cold attacks.


Message History

Unknown command.
You feel very sick.
Something hits the orc.
Something kicks the orc but does no damage.
The hound misses you.
You completely miss the hound.
You feel sick.
The centaur barely misses the orc. x2; The hound bites you.
* * * LOW HITPOINT WARNING * * *
The ice beast barely misses you.
An adder comes into view.
Unknown command.
The adder hisses angrily.
You hit the hound.
The hound is moderately wounded.
You feel sick. The hound bites you but does no damage.
Something hits you but does no damage.
You are lethally poisoned!
The orc hits you but does no damage.
The centaur hits the orc.
The centaur kicks the orc.
The hound misses you.
The ice beast hits you but does no damage.
* * * LOW HITPOINT WARNING * * *
You feel very sick.
Something hits the orc but does no damage.
Something kicks the orc.
The hound barely misses you. The orc completely misses you.
Unknown command.
You open the door.
* * * LOW HITPOINT WARNING * * *
You feel very sick. The hound bites you but does no damage.
Something hits you but does no damage.
You are more poisoned.
The orc closely misses you. The hound bites you.
* * * LOW HITPOINT WARNING * * *
You closely miss something. You tail-slap something.
* * * LOW HITPOINT WARNING * * *
You feel very sick. The hound barely misses you.
Something hits you but does no damage.
You are more poisoned.
The orc hits you with a +0 club.
You die...

#..... +........ #.....
#..........###..?..
#..........##.....#
#..........##.....#
#.......... #.....#
####### .....).. #.....#
#....<# #'#...# #.....#
#.#######@#.).######.....#
#....$.Sh{oc..'....'.....'
#.......YY#...######.....#
#.........#...# #.....#
..?)......#...# #.....#
..........#...# #######
..........#...#
...........##### ........#


You could see an ice beast, a sky beast, a centaur, a hound, an adder and an
orc.

Vanquished Creatures
  Eustachio (D:5)
  A yak (D:5)
  A black bear (D:5)
  An ice beast (D:6)
  2 centaurs (D:5)
  A phantom (D:5)
  A kobold brigand (D:6)
  A bullfrog (D:4)
  A scorpion (D:6)
  3 vampire bats (D:3)
  A centaur zombie (D:5)
  A bullfrog zombie (D:5)
  2 jellies (D:5)
  4 hounds
  2 bullfrog skeletons
  An orc priest (D:3)
  3 iguanas
  A hound skeleton (D:4)
  Robin (D:3)
  7 gnolls
  4 adders
  A white imp (D:5)
  A worm (D:3)
  5 dart slugs
  13 orcs
  3 bat skeletons (D:3)
  2 bat zombies (D:3)
  8 endoplasms
  2 giant cockroaches
  14 goblins
  8 hobgoblins
  7 quokkas
  5 ball pythons
  4 bats
  2 frilled lizards
  12 kobolds
  A quokka skeleton (D:4)
  9 rats
137 creatures vanquished.

Vanquished Creatures (collateral kills)
  2 adders (D:2)
  3 worms (D:2)
  A bat zombie (D:3)
  2 jackals (D:2)
8 creatures vanquished.

Grand Total: 145 creatures vanquished

Notes
Turn   | Place    | Note
-------+----------+-------------------------------------------
     0 | D:1      | lawman0 the Draconian Hedge Wizard began the quest for the
                  | Orb.
     0 | D:1      | Reached XP level 1. HP: 14/14 MP: 4/4
   175 | D:1      | Reached XP level 2. HP: 20/20 MP: 0/6
   849 | D:1      | Reached XP level 3. HP: 26/26 MP: 6/8
   885 | D:1      | Learned a level 1 spell: Slow
   888 | D:1      | Learned a level 2 spell: Blink
   891 | D:1      | Learned a level 2 spell: Call Imp
   895 | D:1      | Learned a level 3 spell: Mephitic Cloud
  1152 | D:1      | Found Etotsaf's Antique Weapon Boutique.
  2517 | D:3      | Reached XP level 4. HP: 33/33 MP: 5/9
  3445 | D:3      | Reached skill level 1 in Air Magic
  3542 | D:3      | Reached XP level 5. HP: 38/38 MP: 3/10
  3637 | D:3      | Noticed Robin
  3647 | D:3      | Killed Robin
  3837 | D:3      | Reached skill level 1 in Poison Magic
  4041 | D:3      | Found Ohuth's Antique Armour Emporium.
  4559 | D:3      | Found an ancient bone altar of Kikubaaqudgha.
  4594 | D:3      | Reached XP level 6. HP: 21/46 MP: 3/11
  4945 | D:4      | Found a blossoming altar of Fedhas.
  5013 | D:4      | Reached skill level 1 in Fighting
  5202 | D:4      | Noticed croobank's ghost (amateur OpTm)
  5203 | D:4      | Noticed an ice beast
  5232 | D:4      | Found a runed translucent gate.
  5232 | D:4      | Found a runed translucent gate.
  5232 | D:4      | Found a runed translucent gate.
  5640 | D:5      | Entered Level 5 of the Dungeon
  5654 | D:5      | Found a runed translucent door.
  5655 | D:5      | Noticed Crazy Yiuf
  5695 | D:5      | Your scales start taking on an icy white colour.
  5695 | D:5      | Reached XP level 7. HP: 36/52 MP: 9/13
  5695 | D:5      | Gained mutation: Your flesh is cold resistant. (rC+) [White
                  | Draconian growth]
  6198 | D:5      | Found a shadowy altar of Dithmenos.
  6344 | D:5      | Found an iron altar of Okawaru.
  6381 | D:5      | Noticed a yak
  6381 | D:5      | Noticed a yak
  6381 | D:5      | Noticed a yak
  6381 | D:5      | Noticed a yak
  6434 | D:5      | Noticed Eustachio
  6462 | D:5      | Found a staircase to the Ecumenical Temple.
  6477 | Temple   | Entered the Ecumenical Temple
  6819 | Temple   | Upgraded the game from 0.28-a0-819-g6ef7baa362 to
                  | 0.28-a0-823-gb444dcf96d
  6929 | D:5      | Found a burning altar of Makhleb.
  7164 | D:5      | Reached XP level 8. HP: 59/59 MP: 8/14
  7225 | D:5      | Killed Eustachio
  7226 | D:5      | Reached skill level 5 in Conjurations
  7960 | D:6      | Reached skill level 5 in Spellcasting
  8061 | D:6      | HP: 2/61 [poisoned by an orc wizard]
  8061 | D:6      | Slain by an orc

Illustrated notes

Levels and vault maps discovered:
D:1:      minmay_arrival_semitransparent, layout_loops_ring, serial_shops,
          shop_fountains, amcnicky_mini_corridor_feature, minmay_pentomino_t2
D:2:      layout_loops_corners
D:3:      layout_loops_ring, kennysheep_vampire_church, serial_shops,
          nicolae_shop_waterfront, uniq_robin
D:4:      layout_cave_pools, fedhas_altar_1, gammafunk_ghost_icy
D:5:      layout_basic, nicolae_overflow_crystal_walls,
          mainiacjoe_overflow_concentric_impassable, kennysheep_little_box,
          minmay_temple_entry_mist, uniq_eustachio, uniq_crazy_yiuf_cottage
D:6:      layout_basic
Temple:   minmay_temple_curvy_loop

Skill      XL: |  1  2  3  4  5  6  7  8 |
---------------+-------------------------+-----
Conjurations   | 2 3 4 5 |  5.5
Stealth        | 2 3 |  3.1
Air Magic      | 1 2 3 |  3.5
Poison Magic   | 1 2 3 |  3.5
Dodging        | 2 3 4 |  4.1
Spellcasting   | 4 5 |  5.1
Translocations | 2 3 |  3.7
Fighting       | 1 2 |  2.0
Summonings     | |  1.2

Action                   |  1- 3 |  4- 6 |  7- 9 || total
-------------------------+-------+-------+-------++-------
Melee: Dagger            |    62 |    83 |   112 ||   257
       Tailslap          |     8 |    15 |    18 ||    41
       Mace              |       |    28 |       ||    28
 Cast: Magic Dart        |    86 |   146 |    84 ||   316
       Call Imp          |     4 |     9 |     1 ||    14
       Mephitic Cloud    |       |     1 |     3 ||     4
 Abil: Breathe Frost     |       |       |    20 ||    20
  Use: Scroll            |     2 |     5 |     1 ||     8
       Potion            |       |     2 |       ||     2
 Stab: Confused          |       |       |     3 ||     3
Armor: Skin              |    13 |    84 |    84 ||   181
Dodge: Dodged            |    51 |   176 |   112 ||   339

Table legend: (Time is in decaauts)
 A = Elapsed time spent in this place.
 B = Non-inter-level travel time spent in this place.
 C = Inter-level travel time spent in this place.
 D = Time resting spent in this place.
 E = Time spent auto-exploring this place.
 F = Levels seen in this place.
 G = Mean time per level.
                   A        B        C        D        E       F      G
               +--------+--------+--------+--------+--------+-----+--------+
         Total |   8084 |   7590 |    494 |   1002 |   5132 |   7 | 1154.9 |
       Dungeon |   7714 |   7285 |    429 |   1002 |   4832 |   6 | 1285.7 |
        Temple |    369 |    304 |     65 |      0 |    300 |   1 |  369.0 |
               +--------+--------+--------+--------+--------+-----+--------+

Top non-repeatable levels by time:
     D:2: 1853 daAuts
     D:3: 1572 daAuts
     D:5: 1461 daAuts
     D:1: 1377 daAuts
     D:4: 874 daAuts
     D:6: 576 daAuts
  Temple: 369 daAuts
